 Dungeon Crawl Stone Soup version 0.17-a0-2215-g49c1de0 (webtiles) character file.

243374 Duffy the Warrior (level 20, -14/114 HPs)
             Began as a Vine Stalker Enchanter on Oct 27, 2015.
             Was the Champion of Cheibriados.
             Demolished by a spriggan berserker
             ... wielding a +0 antimagic broad axe
             ... led by a spriggan berserker
              (24 damage)
             ... on level 3 of the Depths.
             The game lasted 01:29:49 (33997 turns).

Duffy the Warrior (Vine Stalker Enchanter)         Turns: 33997, Time: 01:29:50

Health: -14/114    AC: 39    Str: 38    XL:     20   Next: 23%
Magic:  0/37       EV: 25    Int: 34    God:    Cheibriados [******]
Gold:   979        SH:  0    Dex: 31    Spells: 6 memorised, 9 levels left

rFire  + . .     SeeInvis +     a - +6 lajatang (slice)
rCold  . . .     Clarity  .     n - +8 plate armour of Egalitarianism {Str+2}
rNeg   + + .     SustAt   .     (no shield)
rPois  +         Gourm    .     U - +3 hat of Pondering {ponderous, MR+ MP+10 Int+5}
rElec  +         Spirit   +     J - +1 ratskin cloak {rPois rN+ Int-1 Dex-1}
rCorr  +         Warding  +     T - +1 pair of gloves of Ynwi Efe {rCorr Str+3}
rMut   .         Stasis   .     o - +2 pair of boots
MR     +++..                    u - amulet "Mopp" {Ward rElec rN+ SInv Stlth+}
Stlth  +.........               W - +3 ring of protection
                                C - ring of protection from fire

@: very slow, extremely resistant to hostile enchantments, very unstealthy
A: fangs 3, hooves 1, regeneration 3, magic shield, antimagic bite, no device
heal 3, rot immunity
a: Bend Time, Temporal Distortion, Slouch, Step From Time, Renounce Religion


You were on level 3 of the Depths.
You worshipped Cheibriados.
Cheibriados was exalted by your worship.
You were not hungry.

You visited 6 branches of the dungeon, and saw 35 of its levels.
You also visited: Labyrinth and Ice Cave.

You collected 4157 gold pieces.
You spent 3178 gold pieces at shops.


Innate Abilities, Weirdness & Mutations

You have razor-sharp teeth.
You regenerate.
When hurt, damage is shared between your health and your magic reserves.
Your bite disrupts and absorbs the magic of your enemies.
Potions and wands cannot restore your health.
You are immune to rotting.
You have large cloven feet.


   Skills:
 + Level 15.8 Fighting
   Level 4.7 Short Blades
 - Level 14.0 Staves
 + Level 14.8 Armour
 + Level 14.6 Dodging
 - Level 6.5 Stealth
 - Level 2.1 Spellcasting
 - Level 6.7 Hexes
 - Level 8.5 Invocations


You had 9 spell levels left.
You knew the following spells:

 Your Spells              Type           Power        Failure   Level  Hunger
a - Ensorcelled Hibernat  Hex/Ice        ####..       12%         2    ##.....
c - Confuse               Hex            #####...     6%          3    ###....
d - Corona                Hex            #####..      1%          1    None
r - Regeneration          Chrm/Necr      #.........   73%         3    ###....
t - Tukima's Dance        Hex            #####...     6%          3    ###....
B - Blink                 Tloc           N/A          34%         2    ##.....

Inventory:

Hand Weapons
 a - a +6 lajatang of slicing (weapon)
 M - a +0 blowgun
Missiles
 z - 17 curare-tipped needles
 N - 120 poisoned needles
 Z - 2 throwing nets (quivered)
Armour
 n - the +8 plate armour of Egalitarianism (worn) {Str+2}

   It affects your strength (+2).
 o - a +2 pair of boots (worn)
 J - the +1 ratskin cloak (worn) {rPois rN+ Int-1 Dex-1}

   It affects your intelligence (-1).
   It affects your dexterity (-1).
   It protects you from poison.
   It protects you from negative energy.
 T - the +1 pair of gloves of Ynwi Efe (worn) {rCorr Str+3}

   It affects your strength (+3).
   It protects you from acid and corrosion.
 U - the +3 hat of Pondering (worn) {ponderous, MR+ MP+10 Int+5}

   It affects your intelligence (+5).
   It affects your resistance to hostile enchantments.
   It affects your magic capacity (+10).
Jewellery
 b - a cursed ring of loudness {unknown}
 i - an uncursed ring of invisibility
 p - an uncursed ring of poison resistance
 r - an uncursed ring of protection from cold
 u - the amulet "Mopp" (around neck) {Ward rElec rN+ SInv Stlth+}

   [amulet of warding]

   It may prevent the melee attacks of summoned creatures.
   It insulates you from electricity.
   It protects you from negative energy.
   It lets you see invisible.
   It makes you more stealthy.
 C - a ring of protection from fire (left hand)
 V - an uncursed ring of protection from magic
 W - a +3 ring of protection (right hand)
Wands
 c - a wand of enslavement (8)
 h - a wand of disintegration (10)
 k - a wand of cold (2)
 K - a wand of paralysis (24)
 P - a wand of fire (9)
Scrolls
 q - 4 scrolls of fog
 s - 2 scrolls of enchant armour
 t - 8 scrolls of teleportation
 x - 5 scrolls of remove curse
 y - 8 scrolls of recharging
 B - 5 scrolls of magic mapping
 E - 4 scrolls of identify
 L - 4 scrolls of blinking
 Q - 3 scrolls of immolation
 R - 2 scrolls of summoning
 Y - 2 scrolls of fear
Potions
 e - 2 potions of agility
 f - 2 potions of resistance
 l - 13 potions of curing
 m - 2 potions of cure mutation
 v - 3 potions of lignification
 w - a potion of magic
 D - a potion of cancellation
 H - 5 potions of might
 S - 6 potions of flight
Books
 j - a book of the Warp
Comestibles
 d - 25 bread rations
 g - 25 fruits
 A - 17 royal jellies
 F - 15 meat rations

Dungeon Overview and Level Annotations

Branches:
Dungeon (15/15)            Temple (1/1) D:4            Lair (8/8) D:11
  Swamp (0/4) Lair:3       Spider (0/4) Lair:6          Orc (4/4) D:9
    Elf (2/3) Orc:3        Vaults (0/5) D:14         Depths (5/5) D:15
    Zot (0/5) Depths:5
  Slime: Lair:6-8

Altars:
Ashenzari
Cheibriados
Dithmenos
Elyvilon
Fedhas
Gozag
Kikubaaqudgha
Makhleb
Nemelex Xobeh
Okawaru
Qazlal
Ru
Sif Muna
Trog
Vehumet
Xom
Yredelemnul
Zin
The Shining One
Beogh

Shops:
D:5 *   D:11 ?   D:14 [   D:15 *   Orc:2 :   Orc:3 =   Orc:4 =(*[

Portals:
Hell: Depths:1 Depths:2 Depths:4 Depths:5
Abyss: Depths:4
Ziggurat: Depths:5

Annotations:
D:3 Grinder
D:4 1 exclusion
D:13 exclusion: obsidian statue
Lair:7 exclusion: 5 oklob plants
Lair:8 exclusion: door
Elf:2 3 runed doors


Message History

You are too injured to fight recklessly!
You are too injured to fight recklessly!
You are too injured to fight recklessly!
You are too injured to fight recklessly!
You are too injured to fight recklessly!
You don't have enough magic at the moment.
You don't have enough magic at the moment.
The hell hound barely misses you. The death yak barely misses you.
The hell hound breathes flames at you. The blast of flame hits you! You resist.
The spriggan berserker barely misses you.
The spriggan rider misses you.
The death yak's attack is warded away.
The hell hound completely misses you.
The spriggan berserker closely misses you.
The spriggan rider hits you but does no damage.
The death yak closely misses you.
There is an open door, spattered with blood here.
The death yak gores you but does no damage.
The spriggan rider misses you.
You slice the death yak!! You bite the death yak!! You drain its power.
The death yak is severely wounded.
The death yak gores you!!
You slice the death yak!! Your bite misses the death yak.
The death yak is almost dead.
The death yak gores you!
The spriggan rider completely misses you.
You slice the death yak!!
You kill the death yak!
The death yak's corpse disappears in a puff of smoke!
The spriggan berserker closely misses you.
The spriggan rider completely misses you.
You barely miss the spriggan berserker.
You bite the spriggan berserker, but do no damage.
The spriggan berserker hits you with an antimagic broad axe!!
You die...

..........(........>.............
......(####........[........../..
.......# #####..................
####...# #..................
#...# #####...##.........
############# ##.#.##.........
##..[........### #)[)............
...#########...###i...###.#######
.### ###..@ih...###(## ##
#####.........# ## ##†.###.#.#
.#### #..##..#.# ..?.##
#......#.# ###..# #..##.##.# ##.#
#......... ###..# #.##.#.###
#...## #.#..#..


You could see a spriggan rider, a spriggan berserker (berserk) and a hell hound.

Action                   |  1- 3 |  4- 6 |  7- 9 | 10-12 | 13-15 | 16-18 | 19-21 || total
-------------------------+-------+-------+-------+-------+-------+-------+-------++-------
Melee: Dagger            |   110 |   286 |   461 |    48 |     4 |       |       ||   909
       Lajatang          |       |       |       |   579 |  1223 |  1157 |   383 ||  3342
       Quarterstaff      |       |       |       |       |    50 |       |       ||    50
 Fire: Blowgun           |       |       |       |     2 |       |       |       ||     2
Throw: Javelin           |       |       |     8 |     1 |       |       |       ||     9
 Cast: Ensorcelled Hiber |       |     2 |    14 |    19 |       |       |       ||    35
       Confuse           |       |       |    17 |    30 |     2 |       |       ||    49
       Tukima's Dance    |       |       |     2 |    10 |       |       |       ||    12
       Corona            |       |       |       |     1 |       |       |       ||     1
Invok: Slouch            |       |       |       |       |    14 |     6 |     5 ||    25
       Bend Time         |       |       |       |       |     1 |     1 |       ||     2
  Use: Scroll            |       |       |    14 |    13 |    20 |     8 |     2 ||    57
       Potion            |       |       |     1 |       |     3 |       |     6 ||    10
 Stab: Sleeping          |     5 |     7 |    12 |    12 |       |       |       ||    36
       Confused          |       |       |    11 |     9 |     4 |     4 |       ||    28
       Distracted        |       |       |     1 |       |       |       |       ||     1
       Invisible         |       |       |       |       |     2 |       |     2 ||     4
  Eat: Chunk             |       |     6 |     5 |     5 |     6 |     4 |       ||    26
       Fruit             |       |       |     8 |       |       |    12 |    11 ||    31
       Beef jerky        |       |       |     2 |       |     6 |     5 |       ||    13
       Pizza             |       |       |       |     7 |     4 |       |       ||    11

Notes
Turn   | Place    | Note
--------------------------------------------------------------
     0 | D:1      | Duffy the Vine Stalker Enchanter began the quest for the Orb.
     0 | D:1      | Reached XP level 1. HP: 9/9 MP: 4/4
    12 | D:1      | Reached skill level 1 in Short Blades
   107 | D:1      | Reached skill level 4 in Stealth
   107 | D:1      | Reached XP level 2. HP: 11/13 MP: 6/6
   508 | D:1      | Learned a level 2 spell: Ensorcelled Hibernation
   695 | D:2      | Noticed Robin
   714 | D:2      | Reached XP level 3. HP: 16/16 MP: 5/7
   726 | D:2      | Reached skill level 2 in Short Blades
   759 | D:2      | Killed Robin
   842 | D:2      | Reached skill level 5 in Stealth
   842 | D:2      | Reached XP level 4. HP: 19/21 MP: 8/8
  1117 | D:2      | Found a sacrificial altar of Ru.
  1269 | D:2      | Learned a level 3 spell: Confuse
  1631 | D:3      | Reached skill level 3 in Short Blades
  1638 | D:3      | Reached XP level 5. HP: 24/24 MP: 9/9
  1665 | D:3      | Noticed Ijyb
  1735 | D:2      | Killed Ijyb
  1858 | D:3      | Reached skill level 6 in Stealth
  1923 | D:3      | Gained mutation: You heal very quickly. [Vine Stalker growth]
  1923 | D:3      | Reached XP level 6. HP: 21/28 MP: 10/10
  1995 | D:3      | Learned a level 3 spell: Tukima's Dance
  2058 | D:3      | Reached skill level 4 in Short Blades
  2435 | D:3      | Noticed Grinder
  2471 | D:4      | Found a staircase to the Ecumenical Temple.
  2561 | Temple   | Entered the Ecumenical Temple
  2665 | Temple   | Became a worshipper of Cheibriados the Contemplative
  2721 | D:4      | Reached skill level 1 in Fighting
  2721 | D:4      | Reached XP level 7. HP: 12/33 MP: 9/11
  3219 | D:4      | Reached skill level 4 in Hexes
  3492 | D:5      | Entered Level 5 of the Dungeon
  3492 | D:5      | Found a sparkling altar of Nemelex Xobeh.
  3624 | D:5      | Found a burning altar of Makhleb.
  3687 | D:5      | Reached skill level 2 in Fighting
  3753 | D:5      | Found Nomneebb's Assorted Antiques.
  3937 | D:5      | Reached * piety under Cheibriados
  4380 | D:5      | Reached skill level 5 in Hexes
  4681 | D:5      | Noticed a cacodemon
  4856 | D:5      | Gained mutation: You have large cloven feet. [potion of beneficial mutation]
  4896 | D:5      | Gained mutation: You have razor-sharp teeth. [Vine Stalker growth]
  4896 | D:5      | Reached XP level 8. HP: 1/39 MP: 0/12
  4996 | D:6      | Reached skill level 6 in Hexes
  5005 | D:6      | Found a white marble altar of Elyvilon.
  5006 | D:6      | Found an ancient bone altar of Kikubaaqudgha.
  5008 | D:6      | Found a deep blue altar of Sif Muna.
  5008 | D:6      | Found a burning altar of Makhleb.
  5009 | D:6      | Found a glowing golden altar of the Shining One.
  5009 | D:6      | Found a basalt altar of Yredelemnul.
  5009 | D:6      | Found a sacrificial altar of Ru.
  5370 | D:6      | Reached skill level 2 in Dodging
  5521 | D:6      | Reached ** piety under Cheibriados
  5815 | D:7      | Reached skill level 3 in Dodging
  5952 | D:7      | Reached skill level 3 in Fighting
  6087 | D:7      | Reached skill level 4 in Fighting
  6087 | D:7      | Reached XP level 9. HP: 39/45 MP: 13/13
  6092 | D:7      | Reached skill level 4 in Dodging
  6102 | D:7      | Reached *** piety under Cheibriados
  6481 | D:6      | Reached skill level 5 in Fighting
  6609 | D:7      | Reached skill level 5 in Dodging
  6823 | D:7      | Reached **** piety under Cheibriados
  7117 | D:8      | Reached skill level 6 in Fighting
  7393 | D:8      | Reached skill level 6 in Dodging
  7484 | D:8      | Reached XP level 10. HP: 53/53 MP: 14/14
  7500 | D:8      | Identified the Volume of the Mountains (You found it on level 8 of the Dungeon)
  7609 | D:8      | Reached skill level 7 in Fighting
  7788 | D:9      | Reached ***** piety under Cheibriados
  7867 | D:9      | Reached skill level 1 in Staves
  8078 | D:9      | Noticed Duffy's ghost (novice VSMo)
  8102 | D:9      | Reached skill level 2 in Staves
  8104 | D:9      | Reached skill level 7 in Dodging
  8245 | D:9      | Killed Duffy's ghost
  8245 | D:9      | Reached skill level 3 in Staves
  8414 | D:9      | Found a staircase to the Orcish Mines.
  8497 | D:10     | Entered Level 10 of the Dungeon
  8543 | D:10     | Noticed a hill giant
  8556 | D:10     | Killed a hill giant
  8556 | D:10     | Reached skill level 4 in Staves
  8741 | D:10     | Reached skill level 8 in Fighting
  8741 | D:10     | Reached skill level 5 in Staves
  8741 | D:10     | Reached XP level 11. HP: 57/60 MP: 15/15
  8743 | D:10     | Noticed a hill giant
  8754 | D:10     | Killed a hill giant
  8754 | D:10     | Reached skill level 1 in Armour
  8839 | D:10     | Reached ****** piety under Cheibriados
  9096 | D:10     | Reached skill level 6 in Staves
  9107 | D:10     | Noticed a hill giant
  9113 | D:10     | Killed a hill giant
  9115 | D:10     | Noticed a hill giant
  9122 | D:10     | Killed a hill giant
  9122 | D:10     | Reached skill level 2 in Armour
  9328 | D:10     | Killed an unseen horror
  9556 | D:11     | Reached skill level 7 in Staves
  9645 | D:11     | Noticed a hill giant
  9659 | D:11     | Reached skill level 3 in Armour
  9662 | D:11     | Killed a hill giant
  9718 | D:11     | Reached skill level 9 in Fighting
  9831 | D:11     | Found a staircase to the Lair.
  9868 | D:11     | Reached skill level 8 in Staves
  9925 | D:11     | Reached skill level 4 in Armour
  9929 | D:11     | Gained mutation: You regenerate. [Vine Stalker growth]
  9929 | D:11     | Reached XP level 12. HP: 43/66 MP: 16/16
  9959 | D:11     | Noticed a hill giant
 10254 | D:12     | Reached skill level 5 in Armour
 10404 | D:12     | Reached skill level 9 in Staves
 10944 | D:8      | Reached skill level 6 in Armour
 11103 | D:8      | Got a spiked scale mail
 11216 | D:8      | Noticed an orc knight
 11224 | D:8      | Noticed an orc warlord
 11227 | D:8      | Killed an orc knight
 11404 | D:8      | Identified the cursed +0 scale mail "Ceisso" {-Cast rPois rC++ MP+9} (You took it off an orc on level 8 of the Dungeon)
 11632 | D:8      | Killed an orc warlord
 11632 | D:8      | Reached skill level 10 in Staves
 11632 | D:8      | Reached skill level 7 in Armour
 12006 | D:5      | Bought the +1 ratskin cloak {rPois rN+ Int-1 Dex-1} for 621 gold pieces
 12149 | D:11     | Killed a hill giant
 12155 | D:11     | Reached XP level 13. HP: 41/70 MP: 17/17
 12194 | Lair:1   | Entered Level 1 of the Lair of Beasts
 12259 | Lair:1   | Reached skill level 1 in Invocations
 12339 | Lair:1   | Reached skill level 2 in Invocations
 12445 | Lair:1   | Reached skill level 8 in Armour
 12607 | Lair:1   | Got an encrusted quarterstaff
 12609 | Lair:1   | Identified the +1 quarterstaff "Katzod" {flame, +Inv Int+4 Dex-4} (You acquired it on level 1 of the Lair of Beasts)
 12811 | Lair:1   | Reached skill level 11 in Staves
 12817 | Lair:1   | Got a pair of faintly glowing gloves
 12828 | Lair:1   | Identified the +1 pair of gloves of Ynwi Efe {rCorr Str+3} (You found it on level 1 of the Lair of Beasts)
 12948 | Lair:1   | Reached skill level 3 in Invocations
 13249 | Lair:2   | Reached skill level 4 in Invocations
 13904 | Lair:3   | Reached skill level 5 in Invocations
 13927 | Lair:3   | Found a staircase to the Swamp.
 14718 | Lair:4   | Reached skill level 6 in Invocations
 15440 | Lair:5   | Reached skill level 12 in Staves
 15749 | Lair:5   | Learned a level 2 spell: Blink
 15753 | Lair:5   | Learned a level 3 spell: Regeneration
 15769 | Lair:5   | Reached XP level 14. HP: 75/75 MP: 18/20
 15904 | Lair:5   | Noticed Josephine
 15915 | Lair:5   | Killed Josephine
 15915 | Lair:5   | Reached skill level 7 in Invocations
 16036 | Lair:5   | Identified the Handbook of Bewitchment (You found it on level 5 of the Lair of Beasts)
 16367 | Lair:6   | Found a hole to the Spider Nest.
 16525 | Lair:6   | Reached skill level 8 in Invocations
 16763 | Lair:6   | Found a shadowy altar of Dithmenos.
 17195 | Lair:6   | Reached skill level 13 in Staves
 17820 | Lair:7   | Reached skill level 14 in Staves
 18219 | Lair:8   | Entered Level 8 of the Lair of Beasts
 18411 | Lair:8   | Reached skill level 8 in Dodging
 18415 | Lair:8   | Reached XP level 15. HP: 51/79 MP: 15/22
 18566 | Lair:8   | Reached skill level 9 in Armour
 19078 | Lair:8   | Reached skill level 10 in Fighting
 19510 | Orc:1    | Entered Level 1 of the Orcish Mines
 19512 | Orc:1    | Noticed Gastronok
 19523 | Orc:1    | Killed Gastronok
 19523 | Orc:1    | Reached skill level 9 in Dodging
 19632 | Orc:1    | Found a frozen archway.
 19669 | IceCv    | Entered an ice cave
 19867 | Orc:1    | Found a roughly hewn altar of Beogh.
 20452 | Orc:3    | Found Apryathrar's Jewellery Shop.
 20462 | Orc:3    | Found a staircase to the Elven Halls.
 20601 | Orc:3    | Found a roughly hewn altar of Beogh.
 20988 | Orc:2    | Noticed Sonja
 20988 | Orc:2    | Noticed Fannar
 21003 | Orc:3    | Killed Fannar
 21015 | Orc:4    | Entered Level 4 of the Orcish Mines
 21018 | Orc:4    | Noticed Maud
 21031 | Orc:4    | Killed Maud
 21051 | Orc:4    | Found Caqoes Igo's General Store.
 21157 | Orc:4    | Found Muki's Antique Weapon Boutique.
 21252 | Orc:4    | Found Gyryeseu's Antique Armour Shoppe.
 21261 | Orc:4    | Reached skill level 10 in Armour
 21463 | Orc:4    | Found Niluriun's Jewellery Shoppe.
 21722 | Orc:4    | Noticed Donald
 21731 | Orc:4    | Killed Donald
 21731 | Orc:4    | Reached XP level 16. HP: 82/86 MP: 23/23
 21859 | Orc:4    | Bought a heavily runed helmet for 294 gold pieces
 21859 | Orc:4    | Bought an ancient plate armour for 868 gold pieces
 21868 | Orc:4    | Identified the +8 plate armour of Egalitarianism {Str+2} (You bought it in a shop on level 4 of the Orcish Mines)
 21889 | Orc:4    | Identified the +1 helmet of Fortitude {rC++ Slay-4} (You bought it in a shop on level 4 of the Orcish Mines)
 21904 | Orc:4    | Bought a pair of glowing boots for 139 gold pieces
 21970 | Orc:4    | Bought the amulet "Mopp" {Ward rElec rN+ SInv Stlth+} for 576 gold pieces
 22013 | Elf:1    | Entered Level 1 of the Elven Halls
 22120 | Elf:1    | Reached skill level 11 in Fighting
 22150 | Elf:1    | Reached skill level 10 in Dodging
 22186 | Elf:1    | Noticed Frances
 22633 | Elf:2    | Found a runed gate.
 22634 | Elf:2    | Found a runed gate.
 22634 | Elf:2    | Found a runed gate.
 22767 | Elf:1    | Killed Frances
 23609 | Orc:2    | Reached skill level 11 in Armour
 23815 | Orc:2    | Noticed Maurice
 23817 | Orc:2    | Killed Sonja
 23819 | Orc:2    | Killed Maurice
 24038 | Orc:2    | Found Plog's Book Boutique.
 24205 | D:11     | Found Emuyrpho's Magic Scroll Boutique.
 24211 | D:11     | Bought a scroll of enchant weapon for 120 gold pieces
 24211 | D:11     | Bought a scroll of brand weapon for 320 gold pieces
 24211 | D:11     | Bought a scroll of enchant weapon for 120 gold pieces
 24211 | D:11     | Bought a scroll of blinking for 120 gold pieces
 24341 | D:11     | Noticed a hill giant
 24345 | D:11     | Killed a hill giant
 25378 | D:13     | Got a fine plate armour
 25410 | D:13     | Found a labyrinth entrance.
 25419 | Lab      | Entered a labyrinth
 25430 | Lab      | Identified the +3 plate armour of Luecokiwn {rF+ rCorr Int+3} (You found it on level 13 of the Dungeon)
 25848 | Lab      | Identified the Tome of Unstable Blows and Bruises (You found it in a labyrinth)
 26825 | D:14     | Reached skill level 12 in Fighting
 26838 | D:14     | Reached skill level 11 in Dodging
 26875 | D:14     | Found a gate to the Vaults.
 26880 | D:14     | Found Nypimnuj's Antique Armour Shop.
 27446 | D:15     | Entered Level 15 of the Dungeon
 27480 | D:15     | Found Fogoliema's Assorted Antiques.
 27499 | D:15     | Reached XP level 17. HP: 72/93 MP: 24/24
 27766 | D:15     | Found a staircase to the Depths.
 28124 | Depths:1 | Entered Level 1 of the Depths
 28165 | Depths:1 | Found a gateway to Hell.
 28458 | Depths:1 | Reached skill level 12 in Armour
 28691 | Depths:1 | Reached skill level 13 in Fighting
 28870 | Depths:1 | Reached skill level 12 in Dodging
 28918 | Depths:1 | Found a sparkling altar of Nemelex Xobeh.
 29519 | Depths:2 | Reached XP level 18. HP: 85/100 MP: 25/25
 29894 | Depths:2 | Reached skill level 13 in Armour
 30292 | Depths:2 | Reached skill level 14 in Fighting
 30682 | Depths:2 | Noticed a lich
 30688 | Depths:2 | Killed a lich
 30688 | Depths:2 | Reached skill level 13 in Dodging
 31018 | Depths:3 | Found a glowing golden altar of the Shining One.
 31219 | Depths:5 | Entered Level 5 of the Depths
 31315 | Depths:5 | Noticed a juggernaut
 31324 | Depths:5 | Killed a juggernaut
 31324 | Depths:5 | Reached XP level 19. HP: 35/107 MP: 6/26
 31532 | Depths:5 | Found a gateway to a ziggurat.
 31596 | Depths:5 | Found an ancient bone altar of Kikubaaqudgha.
 31661 | Depths:5 | Found a gate to the Realm of Zot.
 31670 | Depths:5 | Reached skill level 14 in Armour
 31683 | Depths:5 | Reached skill level 15 in Fighting
 31742 | Depths:5 | Noticed Saint Roka
 31768 | Depths:5 | Killed Saint Roka
 32055 | Depths:5 | Reached skill level 14 in Dodging
 32404 | Depths:4 | Noticed a golden dragon
 32532 | Depths:4 | Killed a golden dragon
 32822 | Depths:4 | Found a one-way gate to the infinite horrors of the Abyss.
 32853 | Depths:4 | Noticed Mara
 33006 | Depths:4 | Noticed Duffy's illusion
 33151 | Depths:4 | Noticed Duffy's illusion
 33275 | Depths:4 | Noticed Duffy's illusion
 33355 | Depths:3 | Killed Mara
 33355 | Depths:3 | Reached XP level 20. HP: 109/114 MP: 27/27
 33997 | Depths:3 | Demolished by a spriggan berserker

Vault maps used:
D:1:      dpeg_arrival_rooms_a
D:2:      nicolae_ru_awakened_eye, uniq_robin
D:3:      first_bread, uniq_iyjb, uniq_grinder
D:4:      minmay_temple_entry_large_hall, glass_columns_a,
          uniq_crazy_yiuf_cottage
D:5:      basic_altar, serial_shops, nicolae_shop_statue_plus,
          makhleb_altar_promises_db
D:6:      grunt_temple_overflow_open
D:7:      grunt_livestock, lightli_orcish_oven
D:8:      lemuel_castle_with_subvaults
D:9:      erik_orc_1
D:10:     spider_trap
D:11:     minmay_lair_entry_grove, serial_shops, shop
D:12:     serial_bayou, serial_bayou_pond_a, serial_bayou_lagoon_a,
          serial_bayou_lagoon_b, serial_bayou_lake_a
D:13:     lab_entry_generic, spider_trap, roderic_st_hans_cross,
          hangedman_devilish_allure
D:14:     david_vaults_3, serial_bayou_pond_d, serial_shops, kennysheep_mini,
          minmay_splitting_lines
D:15:     grunt_enter_depths_snipers, serial_shops, shop_statue,
          minmay_misc_feat_columns
Temple:   circular_temple_12
Lair:1:   grunt_megastairs_3, infiniplex_staircase_pool_2
Lair:3:   minmay_swamp_entry_worms
Lair:5:   st_stairs_8, grunt_forest_large_clearings, grunt_megastairs_4,
          lemuel_fruit_fields, uniq_josephine
Lair:6:   nicolae_spider_entry_tight_spaces, special_room, basic_altar
Lair:7:   minmay_slime_entry_oklob_open, minivault_29
Lair:8:   grunt_lair_end_beastmaster, eino_house_with_fridge,
          grunt_megastairs_2, lemuel_fruit_fields
Orc:1:    basic_altar, portal_ice_cave_entry_animals_and_master, uniq_gastronok
Orc:2:    serial_shops, shop, uniq_sonja, uniq_fannar, uniq_maurice
Orc:3:    serial_shops, shop, nicolae_orc_pool_cavern, minmay_orc_temple_a
Orc:4:    grunt_orc_gardens, grunt_orc_garden, grunt_orc_garden,
          grunt_orc_garden, grunt_orc_garden, uniq_maud, uniq_donald
Elf:1:    minmay_elf_crystal_hexagon, uniq_frances
Depths:1: kennysheep_nub, grunt_hell_entry_dis_mu, minmay_misc_feat_square,
          nemelex_deck, grunt_megastairs_1
Depths:2: kennysheep_windowed_halls, pf_coc_iceberg, infiniplex_staircase_pool_1
Depths:3: nrook_guardian_serpent_snake_passage, tso_metal_star,
          grunt_hell_horde, pan_entry, serial_bayou_shore_b,
          infiniplex_staircase_zigzag_5, basic_stair_grate_trap,
          serial_bayou_shore_b
Depths:4: nicolae_whirlpool, abyss_entry_crystal, minmay_crystal_room,
          hangedman_geh_valley, infiniplex_staircase_zigzag_3,
          basic_stair_grate_trap, uniq_mara
Depths:5: grunt_x_marks_the_spot, enter_ziggurat_a, lemuel_crystal_altar,
          hell_entry, uniq_saint_roka
Lab:      labyrinth_hidden_loot
IceCv:    ice_cave_statue_garden_02

Vanquished Creatures
  Mara
  A juggernaut Saint Roka
  A golden dragon
  2 liches Gastronok Frances
  A storm dragon
  A shadow dragon
  2 deep elf sorcerers Donald
  6 frost giants Maud
  4 fire giants
  2 orc warlords
  A draconian zealot
  2 spriggan defenders
  10 stone giants
  10 very ugly things
  A green draconian
  A vampire knight
  A draconian caller
  A black draconian
  A yellow draconian
  A purple draconian
  A dire elephant
  4 ettins
  2 red draconians
  8 fire dragons
  A minotaur Josephine
  5 yaktaur captains
  8 great orbs of eyes
  A rakshasa
  7 entropy weavers Fannar
  9 hydras
  5 ice dragons
  2 catoblepae
  4 spriggan air magi
  10 centaur warriors
  10 deep troll shamans
  3 dancing weapons
  4 tengu warriors
  A queen ant
  3 death yaks
  2 ogre magi
  4 spriggan berserkers
  8 deep troll earth magi
  2 orc high priests
  A sun demon
  A fire crab Sonja
  4 deep elf knights
  2 iron trolls
  A skeletal warrior
  The ghost of Duffy the Cruncher, a novice VSMo of Makhleb
  17 deep trolls
  2 wizards
  4 hell knights
  An unseen horror
  A giant orange brain
  9 deep elf summoners
  16 hill giants
  6 orc sorcerers
  A griffon (shapeshifter)
  6 deep elf conjurers
  A frost giant zombie
  6 orc knights
  3 necromancers
  3 cyclopes
  2 manticores
  2 guardian serpents
  An iron dragon skeleton
  35 ugly things
  A salamander (shapeshifter)
  25 elephants Maurice
  A centaur zombie
  10 black mambas
  3 gargoyles
  14 spiny frogs
  A komodo dragon (shapeshifter)
  33 yaktaurs
  A kobold demonologist
  5 centaur skeletons
  5 komodo dragons
  5 fire drakes
  3 deep elf priests
  5 trolls
  A jumping spider
  3 two-headed ogres
  5 polar bears
  2 tengu conjurers
  A queen bee
  A giant leech
  5 slime creatures
  17 blink frogs
  2 shadows
  A trapdoor spider
  10 redbacks
  A yak (shapeshifter)
  32 yaks
  4 spriggans
  17 humans
  10 hippogriffs
  An elf zombie
  A hungry ghost
  2 tarantellas
  2 water elementals
  4 wyverns
  A basilisk (shapeshifter)
  8 vampire mosquitoes
  9 basilisks
  16 deep elf magi
  A trapdoor spider (shapeshifter)
  2 mottled dragons
  9 wraiths
  9 deep elf fighters
  19 wargs
  20 soldier ants
  A soldier ant (shapeshifter)
  2 hell hounds
  11 wolves
  14 porcupines
  8 water moccasins
  A black bear (shapeshifter)
  2 black bears
  An eye of draining (shapeshifter)
  36 orc warriors
  A swamp drake
  8 ice beasts
  25 ogres
  5 wasps
  9 boggarts
  2 eyes of draining
  8 spiders
  5 sky beasts
  6 phantoms
  27 centaurs
  4 big kobolds
  A crocodile (shapeshifter)
  23 crocodiles
  A gnoll sergeant
  24 giant frogs
  5 scorpions
  3 wights
  30 killer bees
  3 quasits
  4 giant frog zombies
  11 crimson imps
  37 orc priests
  3 giant frog skeletons
  5 electric eels Ijyb
  8 hounds
  10 iguanas
  15 jellies
  31 orc wizards
  2 iron imps
  6 hell rats
  31 worker ants
  2 killer bee zombies
  53 sheep
  A yak simulacrum
  A hound skeleton
  A hound zombie
  11 gnolls Robin
  2 worker ant zombies
  67 river rats
  13 adders
  8 shadow imps
  An ooze
  2 adder zombies
  An adder skeleton
  4 worms
  7 giant geckos
  264 orcs
  9 bats
  6 giant cockroaches
  11 goblins
  9 hobgoblins
  16 jackals
  8 quokkas
  A ball python
  A giant gecko skeleton
  4 giant newts
  23 kobolds
  A quokka skeleton
  7 rats
  A river rat simulacrum
  2 bushes
  A butterfly
  12 fungi
  15 plants
1613 creatures vanquished.
